Map: Lost and Found LE

Players

Scarlett

  • Race: Zerg Zerg
  • Spawn Location: 1:00

Serral - Winner!

  • Race: Zerg Zerg
  • Spawn Location: 7:00

Event: WCS Montreal 2018

VOD

Have the link to the VOD?

Description

Time

  • Played on: Sept. 9, 2018, 9:57 a.m.
  • Length: 13:34

All games in this series

Show
View Real Time Build Order
Export as new Build Order

Scarlett Zerg 

Build Orders: Hatch First 

Get SALT Encoding   

  12  0:00  Drone  
  13  0:12  Overlord  
  13  0:17  Drone  
  14  0:30  Drone x2  
  16  0:47  Hatchery  
  15  0:50  Drone  
  15  0:54  Drone  
  17  0:57  Drone  
  18  1:08  Extractor  
  17  1:12  Spawning Pool  
  17  1:15  Drone  
  17  1:18  Drone  
  18  1:28  Drone  
  19  1:40  Drone  
  20  1:50  Drone  
  21  1:58  Queen, Evolution Chamber  
  21  2:00  Queen  
  24  2:03  Zergling x2  
  24  2:04  Overlord  
  25  2:11  Drone  
  25  2:12  Drone  
  27  2:21  Drone  
  27  2:22  Drone  
  29  2:27  Zerg Ground Armor Level 1  
  29  2:32  Drone x2  
  31  2:37  Queen  
  31  2:42  Overlord  
  33  2:47  Drone  
  34  2:55  Drone x2  
  36  3:04  Metabolic Boost  
  36  3:06  Drone x4  
  36  3:08  Drone x2  
  42  3:13  Overlord  
  42  3:16  Overlord  
  42  3:19  Drone  
  43  3:20  Zergling x2  
  44  3:39  Hatchery, Zergling x10  
  48  3:47  Zergling x10  
  53  3:52  Overlord  
  53  3:53  Drone  
  54  3:57  Extractor  
  53  4:05  Extractor, Lair  
  53  4:06  Roach Warren  
  53  4:07  Drone  
  53  4:08  Drone  
  53  4:10  Drone  
  53  4:11  Drone  
  53  4:12  Drone  
  53  4:14  Drone  
  57  4:17  Drone x2  
  57  4:21  Zerg Missile Weapons Level 1  
  59  4:32  Overlord x2  
  59  4:37  Overlord x2  
  59  4:47  Roach x4  
  59  4:51  Roach  
  59  4:52  Roach  
  71  4:57  Roach x2  
  75  5:04  Roach x3  
  81  5:10  Roach  
  81  5:11  Roach x2  
  81  5:17  Roach x2  
  85  5:23  Roach x2  
  85  5:26  Roach  
  85  5:28  Zergling x2  
  92  5:32  Zergling x4  
  92  5:35  Zergling x4  
  96  5:40  Zergling x6  
  99  5:44  Zergling x2  
  99  5:45  Zergling x2  
  100  5:51  Zergling x2  
  100  5:54  Zergling x10  
  100  5:56  Zergling x2  
  104  5:59  Zergling x4  
  104  6:09  Zergling x6  
  104  6:10  Zergling x6  
  102  6:14  Zergling x4  
  102  6:15  Zergling x2  
  94  6:19  Zergling x4  
  94  6:22  Zergling x2  
  80  6:25  Zerg Missile Weapons Level 2  
  77  6:32  Glial Reconstitution  
  77  6:33  Drone  
  77  6:34  Drone x2  
  77  6:39  Drone x2, Ravager  
  83  6:42  Drone  
  83  6:43  Drone x2  
  85  6:49  Drone  
  85  6:50  Drone x3  
  76  6:54  Drone x2  
  74  7:03  Roach x4  
  74  7:08  Drone x3  
  85  7:13  Overseer  
  85  7:14  Drone x3  
  85  7:15  Drone  
  89  7:18  Drone x3  
  89  7:19  Drone  
  93  7:25  Extractor, Drone x2  
  93  7:26  Overlord  
  93  7:29  Roach  
  96  7:35  Roach x4  
  104  7:41  Overlord x2  
  104  7:47  Roach x4  
  104  7:49  Ravager  
  113  7:52  Overlord  
  113  7:53  Overlord x2  
  113  8:02  Roach x4  
  113  8:03  Roach  
  125  8:05  Roach  
  125  8:06  Roach  
  125  8:09  Roach  
  125  8:11  Overlord  
  125  8:12  Roach x2  
  133  8:20  Roach  
  133  8:21  Roach x4  
  143  8:29  Roach x5  
  153  8:38  Overlord  
  153  8:43  Zergling x2, Roach  
  153  8:44  Zergling x10  
  153  8:46  Ravager  
  161  8:52  Hatchery  
  159  9:06  Roach x7  
  169  9:11  Extractor  
  169  9:12  Extractor  
  160  9:26  Roach x2  
  151  9:33  Drone x3  
  151  9:35  Hydralisk Den, Drone x6  
  151  9:37  Drone  
  160  9:40  Overlord x2  
  160  9:48  Ravager  
  160  9:50  Overseer  
  160  9:51  Pneumatized Carapace  
  161  10:07  Zerg Ground Armor Level 2  
  161  10:08  Lurker Den  
  160  10:14  Overlord x2  
  160  10:15  Extractor, Drone x3  
  160  10:16  Hydralisk x5  
  172  10:26  Overseer  
  172  10:29  Hydralisk x2  
  172  10:34  Roach x4  
  184  10:39  Extractor, Spine Crawler  
  182  10:49  Roach x8  
  198  10:55  Ravager  
  199  11:04  Spine Crawler  
  198  11:07  Spine Crawler  
  196  11:19  Overseer  
  177  11:39  Roach x9  
  181  11:47  Roach x7  
  163  11:56  Roach x10  
  149  12:11  Drone x3  
  149  12:12  Hydralisk x4, Queen  
  149  12:13  Overseer, Hydralisk  
  158  12:16  Ravager x4  
  158  12:17  Overseer  
  162  12:28  Roach x4  
  135  12:42  Roach x6  
  127  12:45  Roach x2  
  123  12:53  Roach x2  
  123  12:55  Roach  
  123  12:59  Roach  
  123  13:02  Roach  
  110  13:06  Unknown  
  110  13:07  Roach x2  
  95  13:13  Overlord  
  95  13:15  Lurker x3  
Show
View Real Time Build Order
Export as new Build Order

Serral Zerg - Winner!

Build Orders: Hatch First, Zergling Baneling 

Get SALT Encoding   

  12  0:00  Drone  
  13  0:12  Overlord  
  13  0:17  Drone  
  14  0:30  Drone  
  14  0:31  Drone  
  16  0:48  Hatchery  
  15  0:50  Drone  
  15  0:54  Drone  
  17  0:57  Drone  
  18  1:08  Extractor  
  17  1:12  Spawning Pool  
  17  1:16  Drone  
  18  1:18  Drone  
  18  1:27  Drone  
  20  1:47  Drone  
  20  1:50  Overlord  
  20  2:00  Queen x2  
  24  2:01  Drone  
  24  2:02  Drone  
  24  2:07  Metabolic Boost  
  26  2:12  Drone x2  
  30  2:22  Zergling x4  
  30  2:34  Hatchery, Drone  
  30  2:41  Drone  
  31  2:48  Drone  
  31  2:50  Baneling Nest  
  31  2:51  Overlord  
  31  2:53  Overlord  
  31  3:10  Drone  
  31  3:11  Drone x4  
  31  3:12  Overlord  
  36  3:14  Drone  
  36  3:15  Drone  
  36  3:19  Drone  
  38  3:20  Drone  
  38  3:22  Drone  
  40  3:29  Zergling x2  
  41  3:36  Zergling x2  
  43  3:41  Zergling x6  
  43  3:42  Zergling x6  
  43  3:47  Queen  
  50  3:48  Evolution Chamber  
  50  3:53  Baneling x2  
  49  3:55  Overlord  
  49  3:58  Zergling x4  
  49  3:59  Zergling x4  
  49  4:01  Baneling x2  
  53  4:05  Drone  
  53  4:06  Drone x2  
  56  4:10  Baneling, Drone  
  56  4:13  Baneling  
  56  4:16  Extractor, Drone x5  
  61  4:17  Extractor  
  61  4:22  Drone x2  
  62  4:34  Drone x4  
  62  4:35  Roach Warren  
  63  4:41  Baneling x2  
  63  4:44  Drone x3  
  65  4:48  Overlord  
  65  4:51  Overlord  
  65  4:55  Overlord  
  65  5:10  Overlord  
  64  5:17  Roach  
  64  5:18  Roach x7  
  64  5:21  Overlord x2  
  80  5:22  Roach  
  80  5:23  Roach x3  
  80  5:27  Roach  
  89  5:32  Overlord  
  89  5:34  Overlord  
  89  5:36  Overlord  
  89  5:37  Roach x2  
  93  5:53  Roach x4  
  100  5:58  Queen  
  100  5:59  Zergling x16  
  108  6:10  Zergling x8  
  108  6:11  Zerg Missile Weapons Level 1  
  107  6:13  Roach x2  
  95  6:19  Roach  
  95  6:22  Roach  
  95  6:24  Roach  
  89  6:28  Roach x3  
  89  6:30  Zergling x6  
  94  6:34  Drone  
  94  6:36  Roach  
  94  6:37  Queen, Roach  
  101  6:44  Ravager  
  101  6:45  Zergling x4  
  96  7:00  Lair  
  96  7:01  Zergling x8  
  95  7:05  Drone  
  96  7:10  Drone x4  
  96  7:12  Extractor  
  99  7:19  Drone x3  
  99  7:22  Baneling x2  
  102  7:26  Drone  
  102  7:27  Extractor  
  102  7:28  Overlord  
  102  7:30  Drone  
  102  7:33  Drone  
  102  7:35  Ravager  
  105  7:38  Extractor, Drone  
  105  7:45  Drone x5  
  105  7:48  Pneumatized Carapace  
  111  7:51  Ravager  
  111  7:52  Overlord, Ravager  
  111  7:53  Drone x4  
  111  7:54  Overlord, Drone x2  
  111  7:58  Glial Reconstitution, Roach  
  120  8:00  Overseer  
  120  8:04  Roach x2  
  122  8:07  Overlord, Hatchery  
  121  8:15  Roach x2  
  125  8:22  Roach  
  125  8:23  Roach x5  
  137  8:31  Overlord x2, Zerg Missile Weapons Level 2  
  137  8:34  Roach x2  
  137  8:39  Roach x4  
  137  8:41  Ravager x2  
  149  8:43  Roach  
  150  8:48  Baneling x3  
  150  8:49  Roach  
  150  8:50  Zergling x6  
  150  8:52  Queen x3  
  162  8:59  Overlord  
  162  9:00  Roach x2  
  165  9:09  Roach x6  
  173  9:14  Ravager x2  
  175  9:21  Roach  
  175  9:22  Roach x6  
  185  9:31  Roach x2  
  185  9:36  Overlord x2  
  185  9:37  Overlord  
  185  9:39  Overseer  
  185  9:48  Hatchery  
  184  9:53  Spire  
  184  9:57  Overlord  
  184  10:00  Tunneling Claws  
  184  10:01  Burrow  
  184  10:02  Roach x6  
  195  10:09  Roach x2  
  199  10:19  Extractor  
  199  10:21  Overlord x2  
  198  10:23  Overlord  
  198  10:34  Ravager  
  198  10:35  Overseer  
  199  10:45  Unknown  
  199  10:47  Zerg Ground Armor Level 1  
  199  10:48  Hydralisk Den  
  198  10:51  Ravager  
  199  11:20  Grooved Spines  
  199  11:25  Roach x5  
  199  11:31  Roach x8  
  199  11:34  Roach x2  
  199  11:35  Roach x2  
  199  11:46  Roach  
  199  11:47  Roach x15  
  188  11:54  Roach x11  
  200  11:56  Roach x6  
  192  12:02  Roach  
  192  12:03  Roach x2  
  176  12:10  Roach x8  
  176  12:11  Roach x6  
  198  12:16  Ravager x2  
  198  12:20  Overseer  
  198  12:28  Roach x4  
  198  12:29  Roach x3  
  198  12:36  Roach x11  
  200  12:44  Roach x9  
  192  12:47  Roach x3  
  185  12:57  Roach x8  
  197  13:01  Roach x11  
  197  13:02  Roach x7  
  189  13:08  Roach  
  189  13:09  Roach x5  
  195  13:28  Infestation Pit  
  195  13:29  Unknown x3  
Tags
 
Add a new tag
Caveats
  • Supply blocks, unpowered buildings, or Contaminate may cause inaccurate times.
  • Supply counts are checked every 10 seconds.